Map: Eternal Empire LE

Players

Liquidthermy (uThermal) - Winner!

  • Race: Terran Terran
  • Spawn Location: 7:00

SuperNova

  • Race: Terran Terran
  • League: Master
  • Spawn Location: 1:00

Event: War Chest Team League

VOD

Have the link to the VOD?

Description

Time

  • Played on: July 24, 2020, 9:43 a.m.
  • Length: 17:54
Show
View Real Time Build Order
Export as new Build Order

Liquidthermy Terran - Winner!

Build Orders: Gas First Reaper Expand, Liberator Opening 

Get SALT Encoding   

  12  0:01  SCV  
  13  0:13  SCV  
  14  0:18  Supply Depot  
  14  0:25  SCV  
  15  0:28  Refinery  
  15  0:40  SCV  
  16  0:45  Barracks  
  16  0:52  SCV  
  17  1:04  SCV  
  18  1:16  SCV  
  19  1:32  Reaper, Orbital Command  
  20  1:47  Command Center  
  20  1:58  SCV  
  21  2:02  Factory  
  21  2:06  Barracks Reactor  
  21  2:11  SCV  
  21  2:15  Supply Depot  
  22  2:23  SCV  
  22  2:24  Refinery  
  24  2:37  SCV  
  23  2:46  Starport  
  23  2:49  SCV  
  28  2:51  Hellion x2  
  28  2:59  Orbital Command  
  28  3:01  SCV  
  33  3:12  Hellion  
  33  3:13  SCV, Hellion  
  34  3:22  Liberator  
  37  3:27  Supply Depot  
  39  3:34  Hellion  
  39  3:36  Hellion  
  39  3:38  SCV  
  39  3:39  SCV  
  43  3:51  SCV x2  
  43  3:55  Hellion  
  47  3:57  Hellion  
  47  3:58  Barracks Tech Lab  
  49  4:03  SCV  
  49  4:04  SCV  
  49  4:06  Refinery, Starport Tech Lab  
  49  4:08  Supply Depot  
  51  4:15  SCV  
  51  4:16  SCV  
  49  4:18  Hellion  
  49  4:19  Hellion  
  52  4:28  SCV x2  
  47  4:38  Raven  
  47  4:40  SCV x2  
  51  4:47  Supply Depot  
  51  4:51  Siege Tank  
  51  4:52  SCV x2, Marine  
  55  5:01  Marine  
  55  5:04  SCV x2  
  54  5:10  Marine  
  48  5:16  SCV x2  
  48  5:18  Marine  
  49  5:21  Raven  
  49  5:23  Siege Tank  
  49  5:28  SCV x2, Marine  
  57  5:36  Marine  
  57  5:40  SCV x2  
  57  5:42  Command Center  
  58  5:45  Marine  
  59  5:52  SCV x2  
  59  5:54  Marine  
  59  5:56  Siege Tank  
  65  5:58  Supply Depot  
  65  6:03  Marine  
  66  6:04  SCV  
  66  6:05  SCV  
  66  6:08  Raven  
  70  6:20  SCV x2, Marine  
  70  6:21  Supply Depot, Marine  
  70  6:22  Refinery  
  74  6:28  Siege Tank  
  74  6:32  SCV  
  78  6:36  Supply Depot, Engineering Bay  
  78  6:37  Engineering Bay  
  78  6:42  Marine x2  
  78  6:43  SCV  
  78  6:44  SCV  
  82  6:53  Orbital Command  
  81  6:55  SCV  
  81  6:56  SCV  
  83  7:01  Starport Reactor  
  83  7:03  Siege Tank  
  83  7:05  Terran Infantry Weapons Level 1, Terran Infantry Armor Level 1  
  83  7:07  SCV, Barracks  
  87  7:08  SCV  
  87  7:10  Barracks  
  87  7:13  Missile Turret  
  87  7:14  Orbital Command  
  87  7:15  Marine  
  88  7:16  Missile Turret x2  
  88  7:17  Stimpack  
  88  7:19  SCV  
  88  7:22  SCV  
  91  7:31  SCV  
  91  7:32  Barracks  
  91  7:33  Marine, Barracks  
  91  7:34  SCV  
  91  7:38  Siege Tank  
  91  7:43  SCV  
  91  7:44  SCV  
  94  7:46  SCV  
  94  7:49  Starport Reactor  
  95  7:51  Marine  
  95  7:55  SCV  
  95  7:56  SCV, Supply Depot  
  95  7:57  Marine x2  
  100  7:58  SCV  
  100  8:01  Missile Turret  
  101  8:07  SCV, Missile Turret  
  101  8:08  SCV  
  101  8:09  Marauder  
  101  8:11  SCV  
  106  8:14  Missile Turret, Marine  
  106  8:18  Siege Tank  
  106  8:19  SCV  
  111  8:20  Supply Depot  
  111  8:21  Marine x2, Barracks Tech Lab  
  111  8:22  Barracks Reactor  
  111  8:26  Marine  
  111  8:27  Armory  
  114  8:31  Marauder  
  114  8:32  Marine  
  117  8:36  Supply Depot  
  117  8:38  Refinery  
  117  8:39  Supply Depot, Refinery  
  117  8:41  Marine x3  
  117  8:42  Medivac x2  
  117  8:43  Supply Depot  
  117  8:46  Supply Depot  
  117  8:47  Marine  
  125  8:55  Command Center  
  125  8:57  Marine  
  125  8:58  Marauder, Siege Tank  
  125  9:00  Marauder  
  131  9:04  Marine x2  
  131  9:05  Marine x3  
  134  9:17  Terran Infantry Armor Level 2, Terran Infantry Weapons Level 2  
  134  9:19  Marauder, Marine  
  134  9:21  Marauder  
  139  9:25  Command Center  
  139  9:27  Supply Depot  
  139  9:28  Viking, Marine  
  142  9:32  Viking, Marine  
  142  9:34  Marine  
  138  9:53  Marauder x2, Marine x2  
  138  9:58  Viking  
  138  9:59  Marine  
  138  10:02  Viking, Marine  
  138  10:03  Marine x2  
  138  10:04  Siege Tank  
  139  10:10  Marine  
  139  10:11  Marine  
  126  10:14  Marauder  
  126  10:15  Marauder  
  126  10:17  Marine  
  120  10:22  Concussive Shells, Combat Shield  
  120  10:24  Marine x2  
  120  10:28  Viking  
  124  10:29  Orbital Command  
  124  10:32  Viking, Marine x3  
  124  10:34  Terran Ship Weapons Level 1  
  129  10:36  Marauder x2  
  133  10:43  Missile Turret, Marine x3  
  133  10:46  SCV  
  133  10:49  Missile Turret  
  137  10:50  Marine, Starport  
  137  10:51  Starport  
  138  10:57  Marauder  
  138  10:58  Medivac  
  138  11:02  Marauder, Marine  
  138  11:04  Marine  
  145  11:05  Medivac  
  135  11:15  Marine  
  131  11:19  Marauder  
  131  11:23  Marine  
  131  11:24  Marauder, Marine x2  
  127  11:30  Missile Turret  
  127  11:31  Missile Turret  
  126  11:35  Marine x2  
  126  11:38  Missile Turret  
  126  11:39  Marine  
  126  11:40  Marine  
  126  11:42  Missile Turret  
  124  11:58  Starport x2  
  112  12:03  Missile Turret  
  112  12:04  Missile Turret x2, Orbital Command  
  112  12:06  SCV  
  112  12:07  Missile Turret  
  106  12:09  Starport  
  106  12:10  Missile Turret x2  
  85  12:36  Marine  
  84  12:40  Starport  
  84  12:41  Marine, Starport  
  84  12:42  Barracks  
  71  12:54  Missile Turret, Marine  
  71  12:55  Missile Turret  
  71  12:56  Missile Turret  
  71  12:57  Missile Turret  
  70  12:58  Marine  
  70  12:59  Missile Turret  
  65  13:10  Orbital Command  
  49  13:22  Viking x2, Missile Turret x2  
  49  13:24  Marine  
  51  13:29  SCV  
  51  13:30  Missile Turret  
  49  13:40  Missile Turret  
  47  13:42  Marine  
  47  13:44  Missile Turret  
  48  13:52  Viking x2, Marine x3  
  48  13:53  SCV  
  48  13:54  SCV  
  57  13:56  Factory Tech Lab  
  57  13:59  Marine  
  57  14:02  SCV, Missile Turret  
  59  14:06  SCV  
  59  14:08  Missile Turret  
  57  14:10  Marine x2  
  57  14:17  Factory, Marine  
  57  14:22  Viking x2  
  57  14:23  SCV  
  62  14:24  Missile Turret  
  62  14:35  SCV  
  61  14:47  SCV  
  61  14:52  Viking x2, Missile Turret, Refinery  
  64  14:53  Refinery  
  64  14:59  SCV  
  65  15:03  Starport  
  65  15:08  Missile Turret  
  65  15:11  SCV  
  66  15:17  Command Center  
  61  15:22  Viking  
  61  15:23  SCV  
  61  15:26  Viking  
  66  15:29  Orbital Command  
  66  15:35  Marine x2  
  68  15:36  Marine  
  67  15:52  Viking, Marine  
  69  15:59  Viking  
  65  16:05  Marine  
  65  16:08  Marine  
  65  16:12  Marine  
  65  16:13  Supply Depot  
  60  16:23  Marine  
  60  16:24  Viking  
  63  16:26  Marine  
  63  16:30  Marine  
  63  16:32  Viking  
  67  16:35  Orbital Command  
  67  16:51  Orbital Command  
  143  16:54  Viking  
  60  16:55  Marine  
  60  16:56  Marine x2  
  65  17:10  Engineering Bay  
  65  17:13  Viking, Marine  
  65  17:14  Marine  
  65  17:15  Marine  
  63  17:30  Marine  
  63  17:34  Marine  
Show
View Real Time Build Order
Export as new Build Order

SuperNova Terran 

Build Orders: Cyclone Opening 

Get SALT Encoding   

  12  0:00  SCV  
  13  0:13  SCV  
  14  0:19  Supply Depot  
  14  0:25  SCV  
  15  0:28  Refinery  
  15  0:41  SCV  
  16  0:44  Barracks  
  16  0:53  SCV  
  16  0:54  Refinery  
  17  1:05  SCV  
  18  1:17  SCV  
  19  1:31  Orbital Command  
  19  1:33  Factory  
  19  1:36  Reaper  
  20  1:45  Supply Depot  
  20  1:56  SCV  
  21  2:08  Reaper  
  22  2:09  SCV  
  23  2:17  Factory Tech Lab  
  23  2:21  SCV  
  24  2:29  Command Center  
  24  2:36  Cyclone  
  27  2:37  SCV  
  27  2:43  Barracks Reactor  
  28  2:46  Supply Depot  
  28  2:50  SCV  
  29  2:55  Mag-Field Accelerator  
  29  3:02  SCV  
  30  3:12  Refinery  
  30  3:13  Cyclone  
  30  3:14  SCV  
  34  3:20  Marine x2  
  34  3:26  SCV  
  37  3:30  Starport  
  37  3:38  Marine x2  
  40  3:42  Orbital Command  
  39  3:50  Cyclone  
  39  3:52  SCV  
  43  3:57  Marine  
  43  3:58  Marine  
  45  4:06  SCV  
  45  4:08  Medivac  
  48  4:10  SCV  
  48  4:15  Marine  
  50  4:19  SCV  
  50  4:20  Supply Depot  
  51  4:31  Marine  
  50  4:32  Cyclone  
  50  4:33  SCV  
  50  4:35  SCV  
  49  4:38  Marine  
  49  4:41  Starport Tech Lab  
  50  4:46  SCV  
  50  4:51  Marine  
  52  4:56  Marine  
  47  5:04  Cyclone  
  45  5:08  SCV  
  42  5:25  Raven  
  42  5:28  SCV, Marine  
  45  5:32  SCV  
  46  5:40  SCV  
  46  5:42  Siege Tank  
  48  5:43  Marine  
  48  5:44  SCV  
  50  5:52  SCV  
  50  5:53  Marine  
  50  5:56  SCV  
  52  6:04  SCV  
  52  6:07  Marine  
  52  6:08  SCV  
  52  6:11  Marine  
  55  6:16  SCV  
  56  6:19  Siege Tank  
  56  6:20  SCV, Command Center  
  56  6:22  Refinery  
  60  6:28  SCV  
  62  6:32  SCV  
  62  6:36  Supply Depot  
  62  6:43  Fusion Core  
  62  6:49  SCV  
  62  6:57  SCV, Starport  
  62  7:00  Supply Depot  
  63  7:01  SCV  
  63  7:06  Starport  
  64  7:10  SCV  
  64  7:14  SCV, Refinery  
  66  7:17  Refinery  
  66  7:22  SCV  
  67  7:23  Supply Depot  
  67  7:26  SCV  
  68  7:34  SCV, Orbital Command, Starport Tech Lab  
  69  7:38  SCV  
  70  7:46  SCV, Battlecruiser  
  70  7:50  SCV  
  76  7:58  SCV  
  77  8:02  SCV  
  77  8:05  SCV  
  75  8:07  Starport Tech Lab  
  75  8:10  SCV  
  73  8:14  SCV  
  73  8:17  SCV  
  67  8:22  SCV  
  67  8:26  SCV  
  67  8:29  SCV  
  68  8:34  SCV  
  68  8:35  Battlecruiser  
  68  8:38  SCV  
  68  8:41  SCV  
  77  8:46  SCV  
  78  8:50  SCV  
  78  8:53  Battlecruiser  
  78  8:54  SCV  
  86  8:58  SCV  
  87  9:02  SCV  
  87  9:06  SCV  
  89  9:11  SCV  
  89  9:13  Battlecruiser  
  89  9:15  SCV  
  97  9:17  Weapon Refit  
  97  9:20  SCV  
  97  9:23  SCV  
  99  9:24  Supply Depot  
  99  9:27  SCV  
  100  9:32  SCV  
  100  9:33  Bunker  
  101  9:44  SCV, Marine x2  
  101  9:45  Siege Tank  
  98  9:50  Battlecruiser  
  91  9:57  SCV  
  91  9:58  SCV  
  87  10:09  SCV  
  87  10:11  Battlecruiser  
  83  10:38  SCV  
  83  10:39  Battlecruiser  
  83  10:40  SCV  
  91  10:43  Refinery  
  91  10:50  SCV  
  91  10:56  Command Center  
  86  11:12  SCV  
  86  11:13  SCV  
  80  11:22  Battlecruiser  
  80  11:25  SCV  
  80  11:36  Supply Depot x2  
  76  11:54  Command Center  
  74  11:59  Supply Depot  
  74  12:09  Supply Depot  
  74  12:10  Supply Depot  
  74  12:15  SCV  
  75  12:26  Battlecruiser  
  81  12:45  SCV  
  81  13:19  Orbital Command  
  77  13:23  Battlecruiser  
  70  13:44  SCV  
  71  13:59  SCV  
  72  14:14  Orbital Command  
  72  14:18  Marine x2  
  69  15:40  Battlecruiser  
  71  15:45  Orbital Command  
  62  15:51  Orbital Command  
  62  15:53  Battlecruiser  
  54  16:20  SCV  
  54  16:21  SCV  
  56  16:33  SCV  
  57  16:53  SCV  
  46  17:01  SCV  
  46  17:05  SCV  
  48  17:13  SCV  
  49  17:17  SCV  
Tags
 
Add a new tag
Caveats
  • Supply blocks, unpowered buildings, or Contaminate may cause inaccurate times.
  • Supply counts are checked every 10 seconds.